 Dungeon Crawl Stone Soup version 0.29.1-1-gd02db6906a (webtiles) character file.

Game seed: 8129794145705771047

133714 avis the Skirmisher (level 16, -3/208 HPs)
             Began as a Demigod Hunter on Sept 18, 2022.
             Slain by a salamander mystic
             ... wielding a +0 scimitar
              (11 damage)
             ... on level 2 of the Snake Pit.
             The game lasted 03:05:56 (26288 turns).

avis the Skirmisher (Demigod Hunter)               Turns: 26288, Time: 03:05:57

Health: -3/208     AC: 28    Str: 12    XL:     16   Next: 11%
Magic:  0/19       EV: -1    Int: 14    God:
Gold:   2010       SH:  0    Dex: 43    Spells: 15/15 levels left

rFire   . . .      SeeInvis .   w - +11 long sword "Nelaun" {vamp, Fly Int+3}
rCold   . . .      Faith    .   (no shield)
rNeg    . . .      Spirit   +   (body armour currently unavailable)
rPois   +          Reflect  .   (helmet currently unavailable)
rElec   .          Harm     .   (cloak currently unavailable)
rCorr   .          Rampage  .   (gloves currently unavailable)
Will    +....      NoTele   +   (boots currently unavailable)
Stlth   +++++.....              P - amulet of guardian spirit
HPRegen 0.44/turn               k - +6 ring of dexterity
MPRegen 0.16/turn               c - ring of poison resistance

@: tree-form, hasted, constricted, invisible, very quick
A: stationary, stasis, torment immunity, boosted hp, high MP 1, forlorn, divine
attributes
a: no special abilities


You were on level 2 of the Snake Pit.
You were a tree.
You visited 6 branches of the dungeon, and saw 21 of its levels.
You also visited: Ossuary, Bailey and Ice Cave.

You collected 2239 gold pieces.
You spent 229 gold pieces at shops.

Inventory:

Hand Weapons
 a - the +3 greatsling "Punk" {acid, rCorr}
   (You found it on level 5 of the Lair of Beasts)

   Any ammunition fired from it is coated in acid, damaging and corroding those
   it strikes.
   rCorr:     It protects you from acid and corrosion.
 b - a +4 demon blade of electrocution
 h - a +3 scimitar of flaming
 r - a +2 vampiric glaive
 v - a +1 dire flail of holy wrath
 w - the +11 long sword "Nelaun" (weapon) {vamp, Fly Int+3}
   (You found it on level 5 of the Dungeon)

   It occasionally heals its wielder for a portion of the damage dealt when it
   wounds a living foe.
   Int:       It affects your intelligence (+3).
   Fly:       It grants you flight.
Missiles
 L - a throwing net
Armour
 d - a +2 kite shield of poison resistance
 l - a +1 helmet (melded)
 m - a +2 pair of boots (melded)
 p - a +2 cloak of willpower (melded)
 D - a +0 pair of gloves (melded)
 X - the +1 ice dragon scales "Minam" (melded) {Rampage rF- rC++ Dex+5}
   (You took it off a spriggan in a bailey)

   Dex:       It affects your dexterity (+5).
   rF:        It makes you vulnerable to fire.
   rC:        It greatly protects you from cold.
   Rampage:   It bestows one free step when moving towards enemies.
Jewellery
 c - a ring of poison resistance (right branch)
 k - a +6 ring of dexterity (left branch)
 n - a ring of protection from fire
 P - an amulet of guardian spirit (around neck)
Wands
 i - a wand of mindburst (3)
 y - a wand of polymorph (5)
 G - a wand of roots (7)
 K - a wand of acid (16)
 M - a wand of flame (37)
 O - a wand of charming (17)
Scrolls
 o - 6 scrolls of teleportation
 x - 4 scrolls of fear
 B - a scroll of brand weapon {unknown}
 E - 3 scrolls of torment {unknown}
 F - 5 scrolls of magic mapping
 I - a scroll of vulnerability {unknown}
 J - a scroll of enchant armour {unknown}
 T - a scroll of silence {unknown}
 U - a scroll of poison
 W - a scroll of blinking
 Y - 5 scrolls of fog
Potions
 e - 4 potions of brilliance
 f - 6 potions of haste
 g - a potion of invisibility
 q - a potion of lignification
 s - 6 potions of magic
 t - a potion of heal wounds
 u - 6 potions of cancellation
 z - 5 potions of curing
 C - 3 potions of berserk rage
 H - 5 potions of might
 N - a potion of ambrosia
 V - a potion of resistance
Miscellaneous
 j - a lightning rod (4/4)


   Skills:
 - Level 12.0 Fighting
 + Level 12.9 Long Blades
 + Level 13.8 Ranged Weapons
 - Level 5.0 Armour
 + Level 13.4 Dodging
 - Level 5.0 Stealth
 * Level 3.4 Evocations


You had 15 spell levels left.
You didn't know any spells.
Your spell library contained the following spells:

 Spells                   Type           Power      Damage    Failure   Level
 Apportation              Tloc           0%         N/A       28%         1
 Foxfire                  Conj/Fire      0%         2x1d4     28%         1
 Necrotise                Necr           0%         1d4       28%         1
 Summon Small Mammal      Summ           0%         N/A       28%         1
 Sublimation of Blood     Necr           0%         N/A       41%         2
 Call Canine Familiar     Summ           0%         N/A       65%         3
 Conjure Flame            Conj/Fire      0%         6-21      65%         3
 Dazzling Flash           Conj/Hex       0%         N/A       65%         3
 Gell's Gravitas          Tloc           0%         N/A       65%         3
 Inner Flame              Hex/Fire       0%         N/A       65%         3
 Portal Projectile        Hex/Tloc       0%         N/A       65%         3
 Summon Guardian Golem    Hex/Summ       0%         N/A       65%         3
 Teleport Other           Tloc           0%         N/A       65%         3
 Vampiric Draining        Necr           0%         2d6       65%         3
 Flame Wave               Conj/Fire      0%         2d4       96%         4
 Iskenderun's Mystic Bla  Conj/Tloc      0%         2d3       96%         4
 Leda's Liquefaction      Hex/Erth       0%         N/A       96%         4
 Petrify                  Tmut/Erth      0%         N/A       96%         4
 Agony                    Necr           0%         N/A       100%        5
 Alistair's Intoxication  Tmut/Pois      0%         N/A       100%        5
 Freezing Cloud           Conj/Ice/Air   0%         6-21      100%        5
 Irradiate                Conj/Tmut      0%         3d11      100%        5
 Dispersal                Tloc           0%         N/A       100%        6
 Simulacrum               Ice/Necr       0%         N/A       100%        6
 Starburst                Conj/Fire      0%         6d3       100%        6
 Polar Vortex             Ice            0%         N/A       100%        9


Dungeon Overview and Level Annotations

Branches:
Dungeon (10/15)            Temple (1/1) D:5            Lair (5/5) D:9
 Shoals (1/4) Lair:3        Snake (2/4) Lair:3        Slime (0/5) Lair:5
    Orc (2/2) D:10            Elf (0/3) Orc:2       Ossuary (visited)
 Bailey (visited)           IceCv (visited)

Shops:
D:6 (   D:8 :   Orc:2 :[=?   Shoals:1 *

Portals:
Trove: D:10 (give +2 shadow dragon scales)


Innate Abilities, Weirdness & Mutations

You are a tree.
Your roots penetrate the ground, keeping you stationary.
You cannot be teleported.
You are immune to unholy pain and torment.
Your maximum health is greatly increased.
Your equipment is partially melded.
You have an increased reservoir of magic. (+10% MP)
You shall have no god before yourself.
Your divine heritage dramatically boosts your attributes as you level up.


Message History

* * * LOW HITPOINT WARNING * * *
You are engulfed in flames!
* * * LOW HITPOINT WARNING * * *
The guardian serpent hits you.
* * * LOW HITPOINT WARNING * * *
You feel much better.
The black mamba bites you but does no damage.
The naga hits you but does no damage.
The black mamba bites you but does no damage.
The salamander wields a +0 shortbow of flaming.
It bursts into flame!
The salamander shoots an arrow.
The arrow barely misses the naga.
The arrow hits the salamander mystic!
You feel much better.
The naga warrior no longer looks unusually strong.
The guardian serpent hits you but does no damage.
The naga hits you from afar with a +0 glaive!!
* * * LOW HITPOINT WARNING * * *
The naga spits poison at you.
The splash of poison hits you but does no damage.
You resist. The naga constricts you.
The nagaraja hits you from afar with a +0 halberd!
* * * LOW HITPOINT WARNING * * *
The salamander mystic hits you but does no damage.
You feel much better.
The black mamba bites you but does no damage.
The guardian serpent hits you but does no damage.
The naga hits you but does no damage.
The naga warrior roars a battlecry!
The nagas go into a battle-frenzy!
The nagaraja gestures at you while chanting.
The bolt of poison hits the black mamba!
The bolt of poison hits you! You resist.
* * * LOW HITPOINT WARNING * * *
The bolt of poison hits the naga.
The naga is poisoned.
The naga hits you but does no damage. The naga constricts you.
* * * LOW HITPOINT WARNING * * *
The salamander mystic hits you with a +0 scimitar!
* * * LOW HITPOINT WARNING * * *
You are engulfed in flames!
You die...

#.....#..##
..#NNN..NN.#
.. #NN.N.#
#...N.##.N.#
###.S..
##.##
##.N#NN...
.#
#.SS.#.... .
#NSNNS#..#
#. #♣NNN.#
#. ##SNN..#
.. #N....#
#..... #....
#..# ###


You could see a nagaraja (strong), 4 naga warriors, a naga sharpshooter
(strong), a salamander mystic (strong, unable to see you), 2 salamanders, an
anaconda (unable to see you), a mana viper, 2 guardian serpents, 2 black mambas,
2 naga magi and 6 nagas.

Vanquished Creatures
  Asterion (Snake:1)
  Gastronok (Lair:3)
  A frost giant (IceCv)
  A fire dragon (Lair:5)
  The ghost of GravelGoth the Fighter, a journeyman MiFi of Cheibriados (D:10)
  Erolcha (Orc:2)
  A hydra (Lair:5)
  3 ogre magi
  3 naga warriors
  6 two-headed ogres
  An anaconda (Snake:1)
  Erica (Orc:1)
  12 death yaks
  2 naga sharpshooters (Snake:1)
  An orc high priest (Orc:1)
  A shock serpent (Snake:1)
  Nergalle (Orc:2)
  Sonja (Lair:1)
  A salamander mystic (Snake:2)
  3 sea snakes (Shoals:1)
  A glowing orange brain (D:10)
  A lindwurm (Lair:5)
  2 orc knights
  6 orc sorcerers (Orc:2)
  2 oklob plants
  11 elephants
  A cyclops (Orc:1)
  6 manticores (Shoals:1)
  3 fauns (Shoals:1)
  An ice statue (IceCv)
  5 centaur zombies (D:10)
  3 naga magi (Snake:1)
  15 black mambas
  4 merfolk sirens (Shoals:1)
  Maurice (Orc:1)
  The ghost of videwesjr the Covered, a novice MiFi (D:4)
  A guardian serpent (Snake:2)
  2 molten gargoyles (Lair:5)
  6 cane toads
  A kobold demonologist (D:10)
  5 rime drakes (Lair:5)
  7 komodo dragons
  A troll (D:9)
  A wind drake (Shoals:1)
  4 merfolk (Shoals:1)
  12 polar bears
  2 hornets
  3 snapping turtles (Shoals:1)
  2 slime creatures (D:10)
  22 blink frogs
  The ghost of tower07 the Chiller, an amateur MfIE of Lugonu (D:5)
  16 dream sheep
  5 shadows
  Sigmund (D:2)
  A vampire (D:9)
  8 wyverns
  3 spriggans (Bailey)
  4 basilisks
  2 wraiths (D:10)
  49 yaks
  2 steam dragons
  A warg (Orc:1)
  10 nagas
  3 hell hounds (Lair:5)
  8 water moccasins
  2 acid dragons
  3 ice beasts
  12 orc warriors
  53 wolves
  17 ogres
  8 centaurs
  A phantom (D:6)
  4 kobold brigands
  A necrophage (D:7)
  11 bullfrogs
  2 gnoll sergeants
  A cane toad simulacrum (Orc:1)
  A two-headed ogre simulacrum (Orc:1)
  3 water moccasin zombies (Ossuary)
  An elephant simulacrum (Orc:1)
  9 killer bees
  3 howler monkeys
  5 lava snakes (Lair:5)
  3 hounds
  5 jellies
  13 orc priests
  3 iron imps (D:3)
  Natasha (thrice) (D:4)
  3 iguanas
  29 orc wizards
  A polar bear simulacrum (Orc:1)
  2 troll simulacra (Orc:1)
  A spriggan simulacrum (Orc:1)
  A wolf simulacrum (Orc:1)
  2 mummies (Ossuary)
  Robin (D:2)
  12 gnolls
  5 adders
  A white imp (D:5)
  2 ufetubi (D:6)
  7 adder zombies (Ossuary)
  3 dart slugs
  57 orcs
  4 bats
  5 endoplasms
  2 giant cockroaches (D:3)
  2 gnoll zombies (Ossuary)
  10 hobgoblins
  5 jackals
  15 kobolds
  A quokka (D:1)
  10 ball pythons
  2 frilled lizards (D:1)
  16 goblins
  A goblin zombie (D:4)
  5 hobgoblin zombies (Ossuary)
  6 kobold zombies (Ossuary)
  4 orc zombies (Ossuary)
  6 rats
  A rat zombie (D:4)
675 creatures vanquished.

Vanquished Creatures (others)
  18 fungi
  18 plants
  2 withered plants (D:10)
38 creatures vanquished.

Grand Total: 713 creatures vanquished

Notes
Turn   | Place    | Note
-------+----------+-------------------------------------------
     0 | D:1      | avis the Demigod Hunter began the quest for the Orb.
     0 | D:1      | Reached XP level 1. HP: 17/17 MP: 3/3
   208 | D:1      | Reached XP level 2. HP: 24/24 MP: 4/4
  1095 | D:1      | HP: 1/24 [something (7)]
  2064 | D:2      | Noticed a great orb of eyes
  2081 | D:2      | Reached XP level 3. HP: 30/30 MP: 5/5
  2084 | D:2      | Noticed Robin
  2311 | D:2      | Killed Robin
  2327 | D:2      | Noticed a floating eye
  2327 | D:2      | Noticed a floating eye
  2327 | D:2      | Noticed a great orb of eyes
  2579 | D:2      | Noticed Sigmund
  2588 | D:2      | Killed Sigmund
  2589 | D:2      | Reached skill level 5 in Ranged Weapons
  2589 | D:2      | Reached XP level 4. HP: 26/38 MP: 6/6
  2589 | D:2      | Reached XP level 5. HP: 31/45 MP: 7/7
  3273 | D:3      | Reached XP level 6. HP: 52/52 MP: 8/8
  3280 | D:3      | You fall into a shaft and drop 1 floor!
  3401 | D:4      | Found a sand-covered staircase.
  3411 | Ossuary  | Entered an ossuary
  3722 | D:4      | Reached XP level 7. HP: 60/60 MP: 9/9
  3758 | D:4      | Found a runed translucent gate.
  3759 | D:4      | Noticed videwesjr's ghost (novice MiFi)
  3759 | D:4      | Found a runed translucent gate.
  3759 | D:4      | Identified the +9 plate armour "Aplyo" {Dex+2}
  3759 | D:4      | Identified the +10 short sword "Meteedghu" {vorpal, rElec
                  | rPois Dex+6}
  3760 | D:4      | Found a runed translucent gate.
  4264 | D:4      | Noticed Natasha
  4266 | D:4      | Killed Natasha
  4271 | D:4      | Noticed Natasha
  4275 | D:4      | Killed Natasha
  4415 | D:4      | Noticed Natasha
  4422 | D:4      | Killed Natasha
  4568 | D:5      | Entered Level 5 of the Dungeon
  4575 | D:5      | Identified the +11 long sword "Nelaun" {vamp, Fly Int+3}
  4698 | D:5      | Reached skill level 1 in Long Blades
  4713 | D:5      | Found a transporter.
  4714 | D:5      | Found a transporter.
  4718 | D:5      | Noticed tower07's ghost (amateur MfIE)
  4735 | D:5      | Reached skill level 5 in Fighting
  5111 | D:5      | Found a staircase to the Ecumenical Temple.
  5116 | Temple   | Entered the Ecumenical Temple
  5387 | D:6      | Found Goguloig's Weapon Shoppe.
  5517 | D:6      | Reached XP level 8. HP: 67/68 MP: 10/10
  6728 | D:7      | Reached skill level 5 in Long Blades
  6909 | D:7      | Noticed a hornet
  6923 | D:7      | Paralysed by a hornet for 1 turns
  6925 | D:7      | Killed a hornet
  6926 | D:7      | Reached XP level 9. HP: 51/78 MP: 8/11
  7494 | D:8      | Found a flagged portal.
  7531 | Bailey   | Entered a bailey
  7786 | Bailey   | Noticed a two-headed ogre
  7792 | Bailey   | Killed a two-headed ogre
  7895 | Bailey   | Identified the +1 ice dragon scales "Minam" {Rampage rF-
                  | rC++ Dex+5}
  7923 | Bailey   | Reached XP level 10. HP: 86/86 MP: 13/13
  8030 | D:8      | Found Vustaur's Tremendous Tomes.
  8726 | D:9      | Found a staircase to the Lair.
  9415 | D:9      | Reached skill level 5 in Dodging
  9968 | Lair:1   | Entered Level 1 of the Lair of Beasts
 10147 | Lair:1   | You fall into a shaft and drop 1 floor!
 10318 | Lair:1   | Reached skill level 10 in Ranged Weapons
 10341 | Lair:1   | Reached XP level 11. HP: 94/94 MP: 14/14
 10846 | Lair:1   | Noticed Sonja
 10857 | Lair:1   | Killed Sonja
 12855 | Lair:3   | Found a staircase to the Snake Pit.
 12897 | Lair:3   | Found a staircase to the Shoals.
 12910 | Lair:3   | Noticed Gastronok
 12937 | Lair:3   | Killed Gastronok
 13237 | Lair:3   | Noticed a death yak
 13237 | Lair:3   | Noticed a death yak
 13237 | Lair:3   | Noticed a death yak
 13239 | Lair:3   | Noticed a death yak
 13261 | Lair:3   | Killed a death yak
 13271 | Lair:3   | Killed a death yak
 13281 | Lair:3   | Killed a death yak
 13282 | Lair:3   | Reached XP level 12. HP: 98/105 MP: 6/15
 14094 | Lair:4   | Reached skill level 10 in Long Blades
 14647 | Lair:4   | Reached skill level 10 in Dodging
 14661 | Lair:4   | Reached skill level 10 in Fighting
 15098 | Lair:5   | Entered Level 5 of the Lair of Beasts
 15258 | Lair:5   | Found the +3 greatsling "Punk" {acid, rCorr}
 15438 | Lair:5   | Reached XP level 13. HP: 77/114 MP: 10/16
 15700 | Lair:5   | Found a large runed translucent door.
 15707 | Lair:5   | Found a large runed translucent door.
 16378 | Lair:5   | Reached skill level 1 in Stealth
 16571 | Lair:5   | Found a staircase to the Slime Pits.
 17489 | D:4      | Killed videwesjr's ghost
 17669 | D:10     | Entered Level 10 of the Dungeon
 18292 | D:10     | Found a runed translucent gate.
 18293 | D:10     | Found a runed translucent gate.
 18294 | D:10     | Found a runed translucent gate.
 18541 | D:10     | Found a staircase to the Orcish Mines.
 18617 | D:10     | Found a portal to a secret trove of treasure.
 18728 | D:10     | Noticed GravelGoth's ghost (journeyman MiFi)
 18896 | D:5      | Killed tower07's ghost
 19128 | D:10     | Killed GravelGoth's ghost
 19248 | Orc:1    | Entered Level 1 of the Orcish Mines
 19279 | Orc:1    | Found a frozen archway.
 19298 | IceCv    | Entered an ice cave
 19512 | IceCv    | Reached XP level 14. HP: 124/124 MP: 17/17
 19937 | IceCv    | Noticed a frost giant
 19973 | IceCv    | Killed a frost giant
 20348 | Orc:1    | Noticed Maurice
 20354 | Orc:1    | Killed Maurice
 20724 | Orc:2    | Entered Level 2 of the Orcish Mines
 20821 | Orc:1    | Reached skill level 5 in Stealth
 20968 | Orc:2    | Found a staircase to the Elven Halls.
 21238 | Orc:1    | Noticed Erica
 21245 | Orc:1    | Killed Erica
 21927 | Orc:2    | Noticed Nergalle
 22047 | Orc:2    | Found Nyoxiagh's Book Boutique.
 22091 | Orc:2    | Found Goblua's Magic Scroll Shop.
 22138 | Orc:2    | Noticed Erolcha
 22175 | Orc:2    | Killed Erolcha
 22181 | Orc:2    | Killed Nergalle
 22232 | Orc:2    | Found Memoe's Jewellery Shop.
 22237 | Orc:2    | Found Qibotourch's Antique Armour Shop.
 22555 | Snake:1  | Entered Level 1 of the Snake Pit
 22716 | Snake:1  | Reached skill level 1 in Armour
 23803 | Shoals:1 | Entered Level 1 of the Shoals
 24369 | Shoals:1 | Reached XP level 15. HP: 128/132 MP: 16/18
 24502 | Shoals:1 | Found Foet Ham's Island Escapes.
 24844 | Shoals:1 | Bought a scroll of blinking for 97 gold pieces
 25078 | Orc:2    | Bought 2 scrolls of noise for 22 gold pieces
 25078 | Orc:2    | Bought a scroll of fog for 44 gold pieces
 25078 | Orc:2    | Bought a scroll of identify for 22 gold pieces
 25078 | Orc:2    | Bought a scroll of identify for 22 gold pieces
 25078 | Orc:2    | Bought a scroll of identify for 22 gold pieces
 25261 | Lair:1   | Reached XP level 16. HP: 139/139 MP: 19/19
 25344 | Snake:2  | Noticed Asterion
 25710 | Snake:1  | Reached skill level 5 in Armour
 25770 | Snake:1  | Killed Asterion
 26279 | Snake:2  | HP: 4/139 [naga sharpshooter/arrow (11)]
 26288 | Snake:2  | HP: 8/208 [salamander mystic/+0 scimitar (14)]
 26288 | Snake:2  | Slain by a salamander mystic

Illustrated notes

Levels and vault maps discovered:
D:1:      minmay_arrival_stair_chambers, layout_basic, serial_park_tiny_1,
          lemuel_flame_loot_1
D:2:      layout_loops_corners, hellmonk_ecumenical_altar_watching_god,
          grunt_ministairs_3, uniq_sigmund, uniq_robin
D:3:      layout_rooms, demons_altar, minmay_between
D:4:      layout_rooms, nicolae_overflow_squiral, biasface_ghost_orc_armoury,
          enter_ossuary_4, uniq_natasha
D:5:      layout_rooms, minmay_temple_entry_statues_pillars,
          gammafunk_ghost_smash
D:6:      layout_basic, evilmike_ruin_ashenzari, serial_shops, shop
D:7:      layout_loops_ring, hangedman_abyss_or_decor_lesser_grid,
          kennysheep_generic_room_16
D:8:      layout_rooms, marbit_many_paths, enter_bailey_4,
          nicolae_shop_i_like_big_books
D:9:      layout_layer_cave, mainiacjoe_overflow_paths,
          mainiacjoe_overflow_boulevard
D:10:     layout_basic, orc_0_dummy, gammafunk_ghost_ooze,
          trove_entry_hex_spiral, serial_undead, serial_undead_c,
          serial_undead_d, serial_undead_f, serial_undead_e, glass_columns_c
Temple:   hellmonk_temple_two_chambers
Lair:1:   layout_roguey, chequers_serial_rivers_large_a,
          grunt_forest_large_clearings, uniq_sonja
Lair:2:   layout_regular_city
Lair:3:   layout_misc_corridors, minmay_shoals_entry_centaurs,
          guppyfry_snake_entry_garden, serial_bayou_shore_a, uniq_gastronok
Lair:4:   layout_regular_city, minmay_holes, beast_lair_carwin_6,
          grunt_megastairs_3
Lair:5:   cheibrodos_lair_end_hotspot, layout_hall_layers,
          minmay_slime_entry_oklob_enclosed
Shoals:1: layout_shoals, nicolae_island_escapes
Snake:1:  layout_misc_corridors
Snake:2:  nrook_guardian_serpent_snake_passage, layout_misc_corridors,
          serial_shops, shop, nicolae_snake_coiling_death, uniq_asterion
Orc:1:    layout_diamond_mine, portal_ice_cave_entry_ice_simulacra,
          kennysheep_orc_chapel, uniq_maurice, uniq_erica
Orc:2:    kennysheep_orc_mage_school, layout_caves, uniq_erolcha

Skill      XL: |  1  2  3  4  5  6  7  8  9 10 11 12 13 14 15 16 |
---------------+-------------------------------------------------+-----
Fighting       | 2 3 4 5 6 7 8 9 10 11 12 | 12.0
Ranged Weapons | 4 5 6 7 8 9 10 11 12 13 | 13.8
Long Blades    | 2 5 7 8 9 10 11 12 | 12.9
Dodging        | 3 6 8 10 12 13 | 13.4
Stealth        | 4 5 |  5.0
Armour         | 3 4 5 |  5.0
Evocations     | 2 3 |  3.4

Action                   |  1- 3 |  4- 6 |  7- 9 | 10-12 | 13-15 | 16-18 || total
-------------------------+-------+-------+-------+-------+-------+-------++-------
Melee: Short sword       |       |     3 |       |       |       |       ||     3
       Long sword        |       |       |    99 |   518 |   472 |    34 ||  1123
       Punch             |       |       |       |     7 |    12 |     1 ||    20
       Demon blade       |       |       |       |       |       |    21 ||    21
 Fire: Shortbow          |   115 |   156 |   203 |   161 |       |       ||   635
       Greatsling        |       |       |       |     9 |   568 |    17 ||   594
  Use: Scroll            |     1 |     7 |     2 |     6 |     8 |     1 ||    25
       Potion            |       |       |     1 |     3 |     5 |    10 ||    19
Armor: Leather armour    |    32 |    31 |    88 |     1 |       |       ||   152
       Ice dragon scales |       |       |       |   235 |   148 |    19 ||   402
       Skin              |       |       |       |       |       |    15 ||    15
Dodge: Dodged            |    51 |    38 |   152 |   394 |   515 |   107 ||  1257
